 Dungeon Crawl Stone Soup version 0.28.0-49-g6dfe1f597d (webtiles) character file.

Game seed: 6992944182373090514

415 nickcage the Stinger (level 6, -13/28 HPs)
             Began as a Spriggan Venom Mage on May 18, 2022.
             Was an Initiate of Dithmenos.
             Mangled by Menkaure (22 damage)
             ... on level 4 of the Dungeon.
             The game lasted 00:19:15 (5932 turns).

nickcage the Stinger (Spriggan Venom Mage)          Turns: 5932, Time: 00:19:16

Health: -13/28     AC:  2    Str:  4    XL:     6   Next: 60%
Magic:  27/29      EV: 17    Int: 18    God:    Dithmenos [......]
Gold:   119        SH:  0    Dex: 16    Spells: 5/11 levels left

rFire   . . .      SeeInvis +   b - +1 dagger
rCold   + . .      Faith    .   (no shield)
rNeg    . . .      Spirit   .   a - +0 robe
rPois   .          Reflect  .   (helmet restricted)
rElec   +          Harm     .   (no cloak)
rCorr   .          Rampage  .   (gloves unavailable)
Will    +....                   (boots unavailable)
Stlth   +++.......              (no amulet)
HPRegen 0.09/turn               e - ring "Pisum" {rElec rC+ MP+9}
MPRegen 0.21/turn               f - ring of magical power

@: very quick
A: very small, no large weapons, unfitting armour, see invisible, speed 3
a: Renounce Religion


You were on level 4 of the Dungeon.
You worshipped Dithmenos.
Dithmenos was noncommittal.
You visited 2 branches of the dungeon, and saw 5 of its levels.
You also visited: Sewer.

You collected 119 gold pieces.

Inventory:

Hand Weapons
 b - a +1 dagger (weapon)
Missiles
 d - a throwing net
Armour
 a - a +0 robe (worn)
Magical Staves
 g - a staff of conjuration
 h - a staff of air
Jewellery
 e - the ring "Pisum" (left hand) {rElec rC+ MP+9}
   (You found it in a sewer)

   [ring of protection from cold]

   rC:        It protects you from cold.
   rElec:     It insulates you from electricity.
   MP:        It affects your magic capacity (+9).
 f - a ring of magical power (right hand)
Scrolls
 c - 2 scrolls of identify
Potions
 i - a potion of mutation {unknown}
 j - 3 potions of curing
 l - a potion of brilliance {unknown}


   Skills:
 + Level 3.7 Short Blades
 - Level 2.6 Dodging
 + Level 3.9 Stealth
 - Level 3.0 Spellcasting
 - Level 2.0 Transmutations
 - Level 6.1 Poison Magic


You had 5 spell levels left.
You knew the following spells:

 Your Spells              Type           Power      Damage    Failure   Level
a - Sting                 Tmut/Pois      68%        1d6       3%          1
b - Poisonous Vapours     Pois/Air       26%        N/A       7%          2
c - Mephitic Cloud        Conj/Pois/Air  10%        N/A       22%         3

Your spell library contained the following spells:

 Spells                   Type           Power      Damage    Failure   Level
 Olgreb's Toxic Radiance  Pois           24%        N/A       13%         4


Dungeon Overview and Level Annotations

Branches:
Dungeon (4/15)             Temple (1/1) D:4           Sewer (visited)

Altars:
Ashenzari
Cheibriados
Dithmenos
Elyvilon
Fedhas
Gozag
Hepliaklqana
Kikubaaqudgha
Makhleb
Nemelex Xobeh
Okawaru
Qazlal
Ru
Sif Muna
Trog
Vehumet
Wu Jian
Xom
Yredelemnul
Zin
The Shining One

Annotations:
D:4 Menkaure


Innate Abilities, Weirdness & Mutations

You are very small and have problems with some larger weapons.
You are too small for most types of armour.
You have supernaturally acute eyesight. (SInv)
You cover ground extremely quickly. (Speed+++)


Message History

The giant cockroach is heavily wounded.
You kill the giant cockroach!
Dithmenos accepts your kill.
Magic restored.
The walls and floor vibrate strangely for a moment.
Menkaure, Prince of Dust comes into view.
Menkaure shouts!
Menkaure calls on the powers of darkness!
Your body is wracked with pain!
The sting hits Menkaure but does no damage.
The sting hits Menkaure.
Menkaure partially resists.
Menkaure is lightly damaged.
The sting misses Menkaure.
Menkaure calls on the powers of darkness!
Your body is wracked with pain!
You are too injured to fight recklessly!
You are too injured to fight recklessly!
You are too injured to fight recklessly!
You hit Menkaure but do no damage.
Menkaure is lightly damaged.
Menkaure misses you.
You hit Menkaure.
Menkaure is lightly damaged.
Menkaure misses you.
You hit Menkaure but do no damage.
Menkaure is lightly damaged.
You barely miss Menkaure.
Menkaure is lightly damaged.
Menkaure points at you and mumbles some strange words.
You resist with significant effort.
You hit Menkaure but do no damage.
Menkaure is lightly damaged.
Menkaure closely misses you.
You hit Menkaure but do no damage.
Menkaure is lightly damaged.
You hit Menkaure.
Menkaure is moderately damaged.
Menkaure hits you!!
Ouch! That really hurt!
You die...

......#...##...#
####.###.....#...###
. ... ##.>..#......
. #.#
#....##..#..#.# # #.
..##...# ..#..#.#.#
# #.##..# #.#.....
#..#.###.....
##....#..#.##.####
####.....@M......
####.#.##.####
......# #####..#
#..# #..# #..# #...


You could see Menkaure.

Vanquished Creatures
  A black bear (D:4)
  A bullfrog (Sewer)
  An orc priest (D:3)
  An iguana (D:4)
  Terence (D:3)
  A howler monkey skeleton (D:2)
  3 river rats (D:3)
  6 adders
  2 dart slugs
  5 orcs (D:3)
  3 bats
  4 endoplasms
  8 giant cockroaches
  7 goblins
  2 hobgoblins (D:2)
  5 jackals
  5 quokkas
  11 ball pythons
  11 frilled lizards
  5 kobolds
  6 rats
  A toadstool (D:1)
90 creatures vanquished.

Vanquished Creatures (others)
  A demonic plant (D:2)
  3 toadstools (D:1)
4 creatures vanquished.

Grand Total: 94 creatures vanquished

Notes
Turn   | Place    | Note
-------+----------+-------------------------------------------
     0 | D:1      | nickcage the Spriggan Venom Mage began the quest for the
                  | Orb.
     0 | D:1      | Reached XP level 1. HP: 9/9 MP: 5/5
   346 | D:1      | Reached XP level 2. HP: 4/13 MP: 0/7
  1461 | D:2      | Reached skill level 4 in Poison Magic
  1461 | D:2      | Reached XP level 3. HP: 7/16 MP: 3/8
  1637 | D:2      | Learned a level 2 spell: Poisonous Vapours
  1641 | D:2      | Learned a level 3 spell: Mephitic Cloud
  1929 | D:2      | Found a faded altar of an unknown god.
  1929 | D:2      | Noticed a sun demon
  2838 | D:3      | Reached XP level 4. HP: 20/21 MP: 6/9
  2915 | D:3      | Reached skill level 5 in Poison Magic
  3275 | D:3      | Found a glowing drain.
  3307 | D:3      | Reached XP level 5. HP: 7/24 MP: 1/10
  3383 | Sewer    | Entered a sewer
  3601 | Sewer    | Reached skill level 1 in Short Blades
  3902 | Sewer    | Reached skill level 6 in Poison Magic
  4140 | Sewer    | Identified the ring "Pisum" {rElec rC+ MP+9}
  4581 | D:3      | Noticed Terence
  4594 | D:3      | Killed Terence
  4595 | D:3      | Reached XP level 6. HP: 28/28 MP: 11/11
  5106 | D:4      | Found a staircase to the Ecumenical Temple.
  5151 | Temple   | Entered the Ecumenical Temple
  5503 | Temple   | Became a worshipper of Dithmenos the Shadowed
  5918 | D:4      | Noticed Menkaure
  5932 | D:4      | Mangled by Menkaure

Illustrated notes

Levels and vault maps discovered:
D:1:      ldierk_water_garden, layout_basic, chequers_serial_rivers_small_b
D:2:      layout_basic, dreamdust_ecumenical_altar_sealed_demon
D:3:      layout_loops_cross, portal_sewer_entry_c, uniq_terence
D:4:      layout_basic, minmay_temple_entry_wispy,
          nicolae_ossuary_entry_false_entrances, uniq_natasha, uniq_menkaure
Temple:   mainiacjoe_temple_starburst

Skill      XL: |  1  2  3  4  5  6 |
---------------+-------------------+-----
Spellcasting   | 3 |  3.0
Transmutations | 2 |  2.0
Poison Magic   | 4 5 6 |  6.1
Short Blades   | 2 3 |  3.7
Dodging        | |  2.6
Stealth        | |  3.9

Action                   |  1- 3 |  4- 6 || total
-------------------------+-------+-------++-------
Melee: Unarmed           |     8 |       ||     8
       Dagger            |    34 |    59 ||    93
       Punch             |       |     1 ||     1
 Cast: Sting             |    78 |    83 ||   161
       Poisonous Vapours |       |    12 ||    12
  Use: Scroll            |     5 |     2 ||     7
 Stab: Sleeping          |     2 |     4 ||     6
Armor: Robe              |     8 |     5 ||    13
Dodge: Dodged            |    47 |    59 ||   106
